 Dungeon Crawl Stone Soup version 0.29-a0-344-ge2f44be95a (webtiles) character file.

Game seed: 4013692469273299949

103 freelancePsychic the Magician (level 4, -2/31 HPs)
             Began as a Demonspawn Hedge Wizard on Apr 21, 2022.
             Slain by Terence
             ... wielding a +0 mace
              (9 damage)
             ... on level 2 of the Dungeon.
             The game lasted 00:04:09 (3399 turns).

freelancePsychic the Magician (DsWz)                Turns: 3399, Time: 00:04:10

Health: -2/31      AC:  2    Str: 11    XL:     4   Next: 51%
Magic:  8/9        EV: 11    Int: 17    God:
Gold:   99         SH:  6    Dex: 12    Spells: 6/9 levels left

rFire   . . .      SeeInvis .   a - +0 dagger
rCold   . . .      Faith    .   h - +2 buckler
rNeg    . . .      Spirit   .   b - +0 robe
rPois   .          Reflect  .   c - +0 hat
rElec   .          Harm     .   (no cloak)
rCorr   .          Rampage  .   (no gloves)
Will    .....                   (no boots)
Stlth   ++........              (no amulet)
HPRegen 0.10/turn               (no ring)
MPRegen 0.11/turn               (no ring)

@: brilliant
A: hooves 1, demonic guardian 1, spiny 1
a: no special abilities


You were on level 2 of the Dungeon.
You visited 1 branch of the dungeon, and saw 2 of its levels.

You collected 99 gold pieces.

Inventory:

Hand Weapons
 a - a +0 dagger (weapon)
Missiles
 e - 2 throwing nets
Armour
 b - a +0 robe (worn)
 c - a +0 hat (worn)
 h - a +2 buckler (worn)
Wands
 q - a wand of paralysis (13)
Scrolls
 f - 2 scrolls of identify {@r1}
 j - a scroll of amnesia
 m - 2 scrolls of blinking {unknown}
 n - a scroll of teleportation {unknown}
Potions
 i - a potion of might {unknown}
 k - a potion of invisibility {unknown}
 l - a potion of heal wounds {unknown}
 o - a potion of cancellation {unknown}
 p - a potion of berserk rage {unknown}
 r - a potion of lignification {unknown}
 s - a potion of degeneration {unknown}


   Skills:
 - Level 0.3 Fighting
 - Level 1.7 Dodging
 - Level 1.7 Stealth
 * Level 2.1 Shields
 + Level 3.4 Spellcasting
 - Level 1.0 Conjurations
 * Level 2.9 Summonings
 - Level 0.8 Translocations


You had 6 spell levels left.
You knew the following spells:

 Your Spells              Type           Power      Damage    Failure   Level
a - Magic Dart            Conj           36%        1d4       14%         1
b - Call Imp              Summ           19%        N/A       10%         2

Your spell library contained the following spells:

 Spells                   Type           Power      Damage    Failure   Level
 Slow                     Hex            16%        N/A       22%         1
 Blink                    Tloc           16%        N/A       24%         2
 Conjure Flame            Conj/Fire      6%         6-21      47%         3
 Mephitic Cloud           Conj/Pois/Air  6%         N/A       50%         3
 Portal Projectile        Hex/Tloc       12%        N/A       50%         3
 Blade Hands              Tmut           2%         N/A       99%         5
 Excruciating Wounds      Necr           2%         N/A       99%         5


Dungeon Overview and Level Annotations

Branches:
Dungeon (2/15)

Altars:

Annotations:
D:2 Terence


Innate Abilities, Weirdness & Mutations

You have large cloven feet.
A weak demonic guardian rushes to your aid.
You are partially covered in sharp spines.


Message History

Casting: Magic Dart (safe; 14% risk of failure)
Confirm with . or Enter, or press ? or * to list all spells.
Aiming: Magic Dart (safe; 14% risk of failure)
Press: ? - help, Shift-Dir - straight line, f/p - Terence
Aim: Terence, wielding a +0 mace and wearing a +0 chain mail (moderately wounded, 100% to hit)
You feel a surge of power!
The magic dart hits Terence but does no damage.
Terence is moderately wounded.
Casting: Magic Dart (safe; 14% risk of failure)
Confirm with . or Enter, or press ? or * to list all spells.
You don't have enough magic to cast this spell.
Unknown command.
You completely miss Terence.
Terence is moderately wounded.
You block Terence's attack.
A worm comes into view.
You hit Terence but do no damage. Your kick misses Terence.
Terence is moderately wounded.
The endoplasm jiggles.
Terence screams, "I'm going to kill you!"
Terence barely misses you.
You closely miss Terence. You kick Terence, but do no damage.
Terence is moderately wounded.
Terence misses you.
You closely miss Terence. Your kick misses Terence.
Terence is moderately wounded.
Terence hits you with a +0 mace!
Casting: Magic Dart (safe; 14% risk of failure)
Confirm with . or Enter, or press ? or * to list all spells.
You don't have enough magic to cast this spell.
Terence attacks as you move away! You block Terence's attack.
Magic courses through your body. Terence hits you with a +0 mace!
* * * LOW HITPOINT WARNING * * *
Casting: Magic Dart (safe; 14% risk of failure)
Confirm with . or Enter, or press ? or * to list all spells.
You feel a surge of power!
A beastly little devil appears in a puff of frigid air.
Terence says, "You're history."
Terence hits you with a +0 mace!
You die...

#.# #......###.## .|...
#####..###.# #.##
.#.#.#####..........#
#.##
...........###..###.###.#
#..gJS..# #..##...##.##
.....##l##.#
#..........## .#. #.##.#
##.##........
#J##.####.##.#..#... .#
#l@@........###..... ...
###..#######.#.##.## #.#
# #..5......).)...# #.#
.# #.#...###.###.###
..#..# #.....# #.# #.#
#.#..# ###...# #.###.#
#######.#..########.##
#.....#
.................##.#
###.### .####.#.##.###
#.##.# #.#


You could see Terence (ally target), an endoplasm, a frilled lizard and a
friendly white imp (summoned).

Vanquished Creatures
  2 gnolls (D:1)
  2 adders (D:2)
  A dart slug (D:2)
  An orc (D:2)
  3 bats
  5 endoplasms
  2 giant cockroaches (D:1)
  5 goblins
  6 hobgoblins
  2 quokkas
  8 ball pythons
  A frilled lizard (D:2)
  3 kobolds
  3 rats
44 creatures vanquished.

Vanquished Creatures (collateral kills)
  A gnoll (D:1)
  A worm (D:2)
  A hobgoblin (D:1)
  A quokka (D:1)
4 creatures vanquished.

Grand Total: 48 creatures vanquished

Notes
Turn   | Place    | Note
-------+----------+-------------------------------------------
     0 | D:1      | freelancePsychic the Demonspawn Hedge Wizard began the
                  | quest for the Orb.
     0 | D:1      | Reached XP level 1. HP: 13/13 MP: 4/4
   311 | D:1      | Gained mutation: A weak demonic guardian rushes to your
                  | aid. [demonic ancestry]
   311 | D:1      | Reached XP level 2. HP: 20/20 MP: 1/6
   994 | D:1      | Learned a level 2 spell: Call Imp
  1019 | D:1      | Reached skill level 1 in Shields
  1231 | D:1      | Gained mutation: You are partially covered in sharp spines.
                  | [demonic ancestry]
  1231 | D:1      | Reached XP level 3. HP: 12/25 MP: 7/7
  2308 | D:2      | Gained mutation: You have large cloven feet. [demonic
                  | ancestry]
  2308 | D:2      | Reached XP level 4. HP: 25/31 MP: 9/9
  2779 | D:2      | Found a faded altar of an unknown god.
  2782 | D:2      | Noticed a golden eye
  2783 | D:2      | Noticed a great orb of eyes
  2783 | D:2      | Noticed an eye of devastation
  2783 | D:2      | Noticed a floating eye
  3369 | D:2      | Noticed Terence
  3399 | D:2      | Slain by Terence

Illustrated notes

Levels and vault maps discovered:
D:1:      dpeg_arrival_boxorama, layout_loops_ring, minivault_23
D:2:      layout_loops_ring, hellmonk_ecumenical_altar_watching_god,
          st_stairs_11, uniq_terence, uniq_jessica

Skill      XL: |  1  2  3  4 |
---------------+-------------+-----
Summonings     | 2 |  2.9
Shields        | 1 2 |  2.1
Fighting       | |  0.3
Dodging        | |  1.7
Stealth        | |  1.7
Spellcasting   | |  3.4
Conjurations   | |  1.0
Translocations | |  0.8

Action                   |  1- 3 |  4- 6 || total
-------------------------+-------+-------++-------
Melee: Dagger            |    77 |    54 ||   131
       Kick              |       |    19 ||    19
 Cast: Magic Dart        |    28 |    10 ||    38
       Call Imp          |     2 |     4 ||     6
  Use: Scroll            |     1 |     1 ||     2
       Potion            |     1 |     2 ||     3
 Stab: Sleeping          |     1 |     1 ||     2
Armor: Robe              |     6 |     6 ||    12
Dodge: Dodged            |    36 |    17 ||    53
Block: Buckler           |    13 |     9 ||    22

Table legend: (Time is in decaauts)
 A = Elapsed time spent in this place.
 B = Non-inter-level travel time spent in this place.
 C = Inter-level travel time spent in this place.
 D = Time resting spent in this place.
 E = Time spent auto-exploring this place.
 F = Levels seen in this place.
 G = Mean time per level.
                   A        B        C        D        E       F      G
               +--------+--------+--------+--------+--------+-----+--------+
         Total |   3406 |   3386 |     20 |    143 |   2841 |   2 | 1703.0 |
       Dungeon |   3406 |   3386 |     20 |    143 |   2841 |   2 | 1703.0 |
               +--------+--------+--------+--------+--------+-----+--------+

Top non-repeatable levels by time:
     D:1: 1985 daAuts
     D:2: 1420 daAuts
